 Dungeon Crawl Stone Soup version 0.28-a0-863-g8cecda6153 (webtiles) character file.

Game seed: 10354663300239928203

1507 karkarkar the Cleaver (level 9, -2/67 HPs)
             Began as a Formicid Fighter on Nov 18, 2021.
             Was an Initiate of Makhleb.
             Shot with an arrow by a centaur (13 damage)
             ... on level 9 of the Dungeon.
             The game lasted 00:19:49 (6433 turns).

karkarkar the Cleaver (Formicid Fighter)            Turns: 6433, Time: 00:19:50

Health: -2/67      AC: 15    Str: 24    XL:     9   Next: 9%
Magic:  9/9        EV:  8    Int:  8    God:    Makhleb [......]
Gold:   181        SH:  4    Dex: 10    Spells: 8/8 levels left

rFire   . . .      SeeInvis +   a - +0 war axe
rCold   . . .      Faith    .   c - +0 buckler
rNeg    . . .      Spirit   .   g - +3 chain mail
rPois   +          Reflect  .   (helmet unavailable)
rElec   .          Harm     .   (no cloak)
rCorr   .          Rampage  .   t - +2 pair of gloves
Will    .....                   (no boots)
Stlth   ..........              (no amulet)
HPRegen 0.21/turn               m - ring of poison resistance
MPRegen 0.11/turn               (no ring)

@: no status effects
A: permanent stasis, dig shafts and tunnels, antennae 3, four strong arms
a: Dig, Shaft Self, Renounce Religion


You were on level 9 of the Dungeon.
You worshipped Makhleb.
Makhleb was noncommittal.
You visited 2 branches of the dungeon, and saw 9 of its levels.

You collected 181 gold pieces.

Inventory:

Hand Weapons
 a - a +0 war axe (weapon)
Missiles
 e - 15 poisoned darts
Armour
 c - a +0 buckler (worn)
 g - a +3 chain mail (worn)
 t - a +2 pair of gloves (worn)
 u - a +1 ring mail of cold resistance
Jewellery
 m - a ring of poison resistance (left hand)
Wands
 d - a wand of polymorph (8) (quivered)
 o - a wand of charming (11)
Scrolls
 j - a scroll of torment
 n - 4 scrolls of amnesia
 r - 2 scrolls of fear
 s - 3 scrolls of enchant weapon
Potions
 b - 3 potions of attraction {unknown}
 h - 4 potions of curing
 i - a potion of haste {unknown}
 k - 2 potions of cancellation
 l - 3 potions of heal wounds {unknown}
 p - a potion of degeneration {unknown}
 q - a potion of invisibility {unknown}


   Skills:
 + Level 4.8 Fighting
 * Level 9.0 Axes
 + Level 4.5 Throwing
 - Level 3.6 Armour
 - Level 0.2 Dodging
 + Level 0.4 Stealth
 - Level 3.7 Shields


You had 8 spell levels left.
You didn't know any spells.
Your spell library contained the following spells:

 Spells                   Type           Power      Damage    Failure   Level
 Summon Forest            Summ/Tloc      0%         N/A       100%        5
 Summon Mana Viper        Hex/Summ       0%         N/A       100%        5
 Conjure Ball Lightning   Conj/Air       0%         3x3d6     100%        6
 Summon Cactus Giant      Summ           0%         N/A       100%        6
 Discord                  Hex            0%         N/A       100%        8
 Disjunction              Tloc           0%         N/A       100%        8


Dungeon Overview and Level Annotations

Branches:
Dungeon (7/15)             Temple (1/1) D:6

Altars:
Ashenzari
Cheibriados
Gozag
Hepliaklqana
Kikubaaqudgha
Makhleb
Nemelex Xobeh
Okawaru
Qazlal
Ru
Sif Muna
Uskayaw
Vehumet
Wu Jian
Xom
Yredelemnul
Zin
The Shining One

Shops:
D:2 ?   D:3 =

Annotations:
D:6 Menkaure
D:9 Pikel


Innate Abilities, Weirdness & Mutations

You cannot be hasted, slowed, berserked, paralysed or teleported.
You can dig through walls and to a lower floor.
You have a pair of large antennae on your head. (SInv)
Your four strong arms can wield two-handed weapons with a shield.


Message History

The centaur hits you but does no damage.
The centaur barely misses you. x2
The centaur kicks you but does no damage.
You slash the centaur!
The centaur is almost dead.
The centaur hits you but does no damage.
The centaur kicks you but does no damage.
You barely miss the centaur.
The centaur is almost dead.
The centaur hits you but does no damage.
The centaur kicks you.
* * * LOW HITPOINT WARNING * * *
The centaur barely misses you.
The centaur kicks you but does no damage.
You slash the centaur!
You kill the centaur!
Makhleb accepts your kill.
Your Axes skill increases to level 9!
Things that are here:
a +0 shortbow; 17 arrows; a centaur corpse You see here a +0 club.
A lemure comes into view.
The lemure shouts!
You hear a shout!
Pikel the Slaver comes into view.
He is wielding a +0 whip of freezing.
A lemure comes into view. x2
You hear a shout!
Unknown command.
As you read the scroll of magic mapping, it crumbles to dust.
You feel aware of your surroundings.
An orc warrior comes into view.
It is wielding a +0 battleaxe and wearing a +1 chain mail of poison resistance.
The orc warrior shouts!
An orc comes into view. It is wielding a +0 dagger.
An orc comes into view. It is wielding a +0 hand axe.
Found 21 arrows.
The orc shouts!
A centaur comes into view.
The centaur shouts!
Found a phial of floods.
The centaur wields a +0 shortbow.
The centaur shoots an arrow.
The arrow hits you!
You die...

,,,,,,**,,,,,,,,,,**,,,,,,,,,,,,,
,,**,,,,.......}...#...,,,,,,,,,,
,***,,,................,,,,,,,,,,
,,***,,....(...#.......,,,,,,,,,,
,,*****..............,,,,,,,,,,,,
,,,,***....o........,,,,,,,,,,,,,
..................#,*,,,>,,<**,,,
#...........o#....#***,,,,,,**,,,
#..........o....@.#*,,,,,,,,,,,,,
...............##.......,,,,,,,,,
............#...###c..##,,,,,,,,,
............#.5## *,.##,,,,,,,,*,
.........?..#...# **,..,,,,,,,**,
..........).##..###..,..,,,,,****
###.......#)....{.....,.,,,,**
{{#....####....#5.#...<,,****
{{#....#**#....##5#,,.,,<*


You could see an orc warrior, a centaur and 2 orcs.

Vanquished Creatures
  Grinder (D:5)
  A human (D:5)
  A water moccasin (D:6)
  A necrophage (D:6)
  A centaur (D:9)
  An ogre (D:6)
  A phantom (D:3)
  A bullfrog (D:6)
  3 scorpions
  A howler monkey (D:4)
  A centaur zombie (D:3)
  A hound (D:4)
  A centaur skeleton (D:6)
  3 orc priests
  4 orc wizards
  An iguana (D:5)
  Robin (D:2)
  3 adders
  A white imp (D:5)
  2 ufetubi
  An adder skeleton (D:4)
  A worm (D:2)
  A dart slug (D:2)
  11 orcs
  2 bats (D:2)
  6 endoplasms
  A giant cockroach (D:2)
  14 goblins
  8 hobgoblins
  2 jackals (D:2)
  4 quokkas
  11 ball pythons
  3 frilled lizards
  8 kobolds
  A kobold zombie (D:5)
  6 rats
110 creatures vanquished.

Vanquished Creatures (others)
  A centaur skeleton (D:7)
  7 plants (D:6)
8 creatures vanquished.

Grand Total: 118 creatures vanquished

Notes
Turn   | Place    | Note
-------+----------+-------------------------------------------
     0 | D:1      | karkarkar the Formicid Fighter began the quest for the Orb.
     0 | D:1      | Reached XP level 1. HP: 18/18 MP: 1/1
   157 | D:1      | Reached XP level 2. HP: 24/24 MP: 2/2
   537 | D:1      | Found a faded altar of an unknown god.
   611 | D:1      | Reached XP level 3. HP: 29/29 MP: 3/3
   973 | D:2      | Found Wuleu's Magic Scroll Boutique.
  1042 | D:2      | Noticed Robin
  1070 | D:2      | Killed Robin
  1071 | D:2      | Reached skill level 3 in Axes
  1073 | D:2      | Reached XP level 4. HP: 37/37 MP: 4/4
  1089 | D:2      | Reached skill level 1 in Throwing
  1796 | D:3      | Reached XP level 5. HP: 42/42 MP: 5/5
  1801 | D:3      | Reached skill level 4 in Axes
  1824 | D:3      | Found a radiant altar of Vehumet.
  2102 | D:3      | Found Ramoitic's Jewellery Shoppe.
  2428 | D:4      | Noticed a phantom
  2456 | D:3      | Killed a phantom
  2457 | D:3      | Reached skill level 5 in Axes
  2457 | D:3      | Reached XP level 6. HP: 20/48 MP: 6/6
  3389 | D:4      | Reached XP level 7. HP: 54/54 MP: 7/7
  4188 | D:5      | Entered Level 5 of the Dungeon
  4227 | D:5      | Reached skill level 6 in Axes
  4312 | D:5      | Noticed Grinder
  4349 | D:5      | Killed Grinder
  4499 | D:5      | Reached skill level 7 in Axes
  4524 | D:5      | Found a runed translucent door.
  4524 | D:5      | Noticed a human
  4526 | D:5      | Found a basalt altar of Yredelemnul.
  4566 | D:5      | Found a sacrificial altar of Ru.
  4580 | D:5      | Reached XP level 8. HP: 59/61 MP: 8/8
  4996 | D:5      | Killed a human
  5163 | D:6      | Found a staircase to the Ecumenical Temple.
  5177 | Temple   | Entered the Ecumenical Temple
  5440 | Temple   | Became a worshipper of Makhleb the Destroyer
  5703 | D:6      | Reached skill level 8 in Axes
  5931 | D:6      | Noticed Menkaure
  6154 | D:6      | Found a glowing golden altar of the Shining One.
  6358 | D:6      | Reached XP level 9. HP: 66/66 MP: 9/9
  6391 | D:7      | You fall into a shaft and drop 2 floors!
  6422 | D:9      | Reached skill level 9 in Axes
  6426 | D:9      | Noticed Pikel
  6433 | D:9      | Shot with an arrow by a centaur

Illustrated notes

Levels and vault maps discovered:
D:1:      dpeg_arrival_refuge, layout_basic,
          dreamdust_ecumenical_altar_angels_and_demons, minmay_hexomino_c4
D:2:      layout_loops_corners, serial_shops, shop_fountains, uniq_robin
D:3:      layout_loops_ring, mainiacjoe_overflow_surrounded_room, serial_shops,
          shop
D:4:      layout_layer_cave
D:5:      layout_loops_cross, dk_yredelemnul_ordeal,
          nicolae_ru_great_annihilating_truth, uniq_grinder
D:6:      layout_cave_pods, tso_altar, nicolae_elyvilon_temple_path,
          minmay_temple_entry_sparse_star, uniq_blork_the_orc, uniq_menkaure
D:7:      layout_loops_cross
D:9:      minmay_shrinking_squares, layout_cave_pools, special_room
          [special_room_bee], chequers_arboretum, uniq_pikel
Temple:   dpeg_chambers_temple

Skill      XL: |  1  2  3  4  5  6  7  8  9 |
---------------+----------------------------+-----
Axes           | 3 5 7 8 9 |  9.0
Throwing       | 1 2 4 |  4.5
Fighting       | 4 |  4.8
Armour         | |  3.6
Dodging        | |  0.2
Stealth        | |  0.4
Shields        | |  3.7

Action                   |  1- 3 |  4- 6 |  7- 9 || total
-------------------------+-------+-------+-------++-------
Melee: War axe           |    80 |   129 |   152 ||   361
Throw: Dart              |    45 |    33 |    44 ||   122
 Abil: Dig               |       |     1 |       ||     1
       Shaft Self        |       |       |     1 ||     1
  Use: Scroll            |     4 |     1 |     8 ||    13
       Potion            |       |     2 |     1 ||     3
Armor: Scale mail        |     6 |       |       ||     6
       Chain mail        |    48 |    72 |   134 ||   254
Dodge: Dodged            |    39 |    49 |    57 ||   145
Block: Buckler           |    22 |    19 |    29 ||    70

Table legend: (Time is in decaauts)
 A = Elapsed time spent in this place.
 B = Non-inter-level travel time spent in this place.
 C = Inter-level travel time spent in this place.
 D = Time resting spent in this place.
 E = Time spent auto-exploring this place.
 F = Levels seen in this place.
 G = Mean time per level.
                   A        B        C        D        E       F      G
               +--------+--------+--------+--------+--------+-----+--------+
         Total |   6510 |   6328 |    182 |    887 |   4066 |   9 |  723.3 |
       Dungeon |   6219 |   6077 |    142 |    887 |   3829 |   8 |  777.4 |
        Temple |    290 |    250 |     40 |      0 |    237 |   1 |  290.0 |
               +--------+--------+--------+--------+--------+-----+--------+

Top non-repeatable levels by time:
     D:4: 1327 daAuts
     D:3: 1178 daAuts
     D:2: 1040 daAuts
     D:5: 968 daAuts
     D:6: 941 daAuts
     D:1: 709 daAuts
  Temple: 290 daAuts
     D:9: 43 daAuts
     D:7: 11 daAuts
